 Dungeon Crawl Stone Soup version 0.28.0 (webtiles) character file.

Game seed: 8012331232078024534

30062 joshe the Destroyer (level 12, -6/100 HPs)
             Began as a Demigod Conjurer on Feb 7, 2022.
             Mangled by a two-headed ogre (17 damage)
             ... on level 2 of the Orcish Mines.
             The game lasted 02:08:14 (19794 turns).

joshe the Destroyer (Demigod Conjurer)             Turns: 19794, Time: 02:08:14

Health: -6/100     AC: 18    Str:  8    XL:     12   Next: 88%
Magic:  3/39       EV: 10    Int: 36    God:
Gold:   1087       SH: 10    Dex: 12    Spells: 20/31 levels left

rFire   . . .      SeeInvis +   h - staff of conjuration
rCold   . . .      Faith    .   H - +0 buckler
rNeg    . . .      Spirit   .   Q - +7 ring mail of Protective Custody {Slay+4 SInv}
rPois   .          Reflect  +   r - +2 helmet
rElec   +          Harm     .   c - +1 cloak
rCorr   .          Rampage  .   (no gloves)
Will    +....                   (no boots)
Stlth   +.........              i - amulet of reflection
HPRegen 0.26/turn               g - ring of Hisilit {+Blink rElec MP+9 SInv}
MPRegen 0.26/turn               (no ring)

@: on berserk cooldown, slowed, very slow
A: high MP 1, forlorn, divine attributes
a: Evoke Blink


You were on level 2 of the Orcish Mines.
You visited 2 branches of the dungeon, and saw 15 of its levels.
You also visited: Ossuary.

You collected 1192 gold pieces.
You spent 105 gold pieces at shops.

Inventory:

Hand Weapons
 o - the +12 triple sword "Beastbane" {vorpal, rElec MP+9 Dex+4}
   (You acquired it on level 2 of the Dungeon)

   It inflicts extra damage upon your enemies.
   Dex:       It affects your dexterity (+4).
   rElec:     It insulates you from electricity.
   MP:        It affects your magic capacity (+9).
Armour
 c - a +1 cloak (worn)
 r - a +2 helmet (worn)
 s - a +1 robe of cold resistance
 H - a +0 buckler (worn)
 Q - the +7 ring mail of Protective Custody (worn) {Slay+4 SInv}
   (You found it on level 12 of the Dungeon)

   Slay:      It affects your accuracy & damage with ranged weapons and melee
   (+4).
   SInv:      It lets you see invisible.
Magical Staves
 h - a staff of conjuration (weapon)
Jewellery
 g - the ring of Hisilit (left hand) {+Blink rElec MP+9 SInv}
   (You acquired it on level 2 of the Dungeon)

   [ring of magical power]

   rElec:     It insulates you from electricity.
   MP:        It affects your magic capacity (+9).
   SInv:      It lets you see invisible.
   +Blink:    It lets you blink.
 i - an amulet of reflection (around neck)
 D - an amulet of the acrobat
 J - an amulet of regeneration
Wands
 d - a wand of digging (5)
 l - a wand of paralysis (14)
 q - a wand of polymorph (12)
 E - a wand of iceblast (2)
 F - a wand of flame (56)
 N - a wand of mindburst (14)
Scrolls
 f - a scroll of brand weapon {unknown}
 j - 3 scrolls of immolation {unknown}
 n - a scroll of enchant weapon {unknown}
 u - 6 scrolls of amnesia
 x - 3 scrolls of noise {unknown}
 y - a scroll of fog {unknown}
 C - a scroll of torment {unknown}
 L - 2 scrolls of enchant armour {unknown}
 M - a scroll of teleportation {unknown}
 R - a scroll of vulnerability {unknown}
Potions
 a - 9 potions of curing
 k - 2 potions of mutation
 m - 4 potions of might
 p - 4 potions of brilliance
 t - 4 potions of flight
 w - 4 potions of magic
 B - a potion of ambrosia {unknown}
 I - 2 potions of lignification
 O - a potion of resistance {unknown}
 P - a potion of cancellation {unknown}


   Skills:
 - Level 7.0 Fighting
 - Level 4.0 Armour
 - Level 4.0 Dodging
 - Level 1.7 Stealth
 - Level 4.0 Shields
 - Level 10.0 Spellcasting
 + Level 10.1 Conjurations
 - Level 10.0 Hexes
 - Level 4.0 Translocations
 - Level 5.0 Evocations


You had 20 spell levels left.
You knew the following spells:

 Your Spells              Type           Power      Damage    Failure   Level
a - Magic Dart            Conj           100%       1d8       1%          1
b - Searing Ray           Conj           100%       2d8       1%          2
c - Fulminant Prism       Conj/Hex       47%        3d21      1%          4
d - Iskenderun's Mystic   Conj/Tloc      80%        2d16      4%          4

Your spell library contained the following spells:

 Spells                   Type           Power      Damage    Failure   Level
 Static Discharge         Conj/Air       69%        N/A       1%          2
 Dazzling Flash           Conj/Hex       100%       N/A       1%          3
 Animate Skeleton         Necr           36%        N/A       9%          1
 Pain                     Necr           72%        1d7       9%          1
 Hailstorm                Conj/Ice       69%        3d14      11%         4
 Sticky Flame             Conj/Fire      69%        2d8       11%         4
 Ozocubu's Armour         Ice            18%        N/A       26%         3
 Vampiric Draining        Necr           18%        2d7       26%         3
 Metabolic Englaciation   Hex/Ice        26%        N/A       30%         5
 Dispel Undead            Necr           18%        3d11      63%         4
 Ice Form                 Ice/Tmut       18%        N/A       63%         4
 Dispersal                Tloc           23%        N/A       94%         6
 Simulacrum               Ice/Necr       9%         N/A       100%        6
 Disjunction              Tloc           23%        N/A       100%        8


Dungeon Overview and Level Annotations

Branches:
Dungeon (13/15)            Temple (0/1) D:7            Lair (0/6) D:11
    Orc (2/2) D:12        Ossuary (visited)
    Elf: Orc:2       Vaults: D:13-14

Shops:
D:6 ?(

Annotations:
D:2 1 runed translucent door, Crazy Yiuf


Innate Abilities, Weirdness & Mutations

You have an increased reservoir of magic. (+10% MP)
You shall have no god before yourself.
Your divine heritage dramatically boosts your attributes as you level up.


Message History

You are exhausted.
You feel yourself slow down.
Your orc hits the ogre mage but does no damage.
You feel much better. You block the ogre's attack.
The ogre hits you with a +0 giant club!
Your orc wizard hits the ogre with a +0 dagger.
The two-headed ogre hits you with a +0 giant club!
* * * LOW HITPOINT WARNING * * *
The two-headed ogre barely misses you.
You feel much better.
The two-headed ogre hits you but does no damage.
You block the two-headed ogre's attack. The ogre hits you with a +0 giant club!
Your orc hits the ogre mage with a +0 club.
The two-headed ogre barely misses you.
The two-headed ogre hits you with a +0 giant spiked club!
The ogre mage casts a spell at your orc.
The bolt of magma hits your orc!!
Your orc dies!
Your orc's corpse dissolves into shadows!
The bolt of magma hits your orc!!
Your orc dies!
Your orc's corpse dissolves into shadows!
Your orc wizard hits the deep troll but does no damage.
You block the deep troll's attack. x2
The deep troll claws you but does no damage.
The ogre mage closely misses your orc wizard.
The two-headed ogre barely misses you.
The two-headed ogre hits you with a +0 giant club!
* * * LOW HITPOINT WARNING * * *
You block the two-headed ogre's attack.
The two-headed ogre hits you with a +0 giant spiked club.
* * * LOW HITPOINT WARNING * * *
Your orc wizard barely misses the ogre mage.
The ogre hits you but does no damage.
The two-headed ogre hits you with a +0 giant club.
* * * LOW HITPOINT WARNING * * *
The two-headed ogre hits you with a +0 giant spiked club.
* * * LOW HITPOINT WARNING * * *
The two-headed ogre hits you with a +0 giant club!
You die...

#....#............))..)..).O....#
....###.........)...)).....).....
#...##....#.....)..))))).O.[.....
#....##...#.....O.T)OOO.........$
......#.........)TO.)O...........
.....#...........TTOOo...........
..#.#............OOO.oO).........
.................O.T.O...........
#...#...........@OO..............
#................T..............$
##.##...#.#..##......##...#..#...
################################


You could see 6 two-headed ogres, 2 ogre magi, 2 deep trolls, 4 trolls, 8 ogres
and 2 friendly orc wizards.

Vanquished Creatures
  An orc warlord (Orc:2)
  Azrael (D:12)
  Harold (D:7)
  3 boulder beetles
  5 two-headed ogres
  An orc high priest (Orc:1)
  A tengu warrior (D:10)
  6 hell knights (D:10)
  Pikel (D:7)
  2 necromancers (D:10)
  An orc sorcerer (Orc:1)
  A manticore (D:7)
  An ugly thing (D:11)
  3 cyclopes
  3 kobold demonologists
  3 komodo dragons
  4 trolls
  2 vampires (D:10)
  Sigmund (D:3)
  2 wraiths
  2 shadows
  3 wyverns
  4 fire elementals (D:12)
  A basilisk (D:8)
  2 vampire mosquitoes (D:11)
  10 yaks
  A death yak simulacrum (D:12)
  3 wargs
  An acid dragon (D:12)
  9 hell hounds
  7 water moccasins
  An ice beast (D:3)
  2 sky beasts
  14 orc warriors
  2 black bears
  A necrophage (D:5)
  6 ogres
  9 centaurs
  3 phantoms
  3 kobold brigands (D:10)
  A lemure (D:7)
  4 bullfrogs
  2 gnoll sergeants
  2 scorpions (D:5)
  A cane toad simulacrum (D:12)
  4 water moccasin zombies
  A two-headed ogre simulacrum (D:12)
  5 killer bees (D:7)
  An elephant simulacrum (D:12)
  4 wights (D:7)
  4 howler monkeys
  2 electric eels (D:6)
  A centaur zombie (D:6)
  3 jellies
  6 orc priests
  2 hounds
  2 gnoll shamans (D:6)
  A centaur skeleton (D:6)
  2 iguanas
  Ijyb (D:3)
  16 orc wizards
  3 spriggan simulacra (D:12)
  2 mummies (Ossuary)
  A howler monkey zombie (D:9)
  Robin (D:3)
  7 adders
  15 gnolls
  A naga simulacrum (D:12)
  A white imp (D:7)
  2 ufetubi (D:6)
  4 adder zombies (Ossuary)
  A worm (D:2)
  2 dart slugs
  45 orcs
  9 endoplasms
  3 giant cockroaches
  6 gnoll zombies (Ossuary)
  10 goblins
  10 hobgoblins
  5 jackals
  9 quokkas
  3 ball pythons
  4 bats
  5 frilled lizards (D:5)
  3 hobgoblin zombies (Ossuary)
  12 kobolds
  4 kobold zombies (Ossuary)
  7 orc zombies (Ossuary)
  6 rats
  A fulminant prism (D:12)
374 creatures vanquished.

Vanquished Creatures (collateral kills)
  A troll (Orc:2)
  An ogre (Orc:2)
2 creatures vanquished.

Vanquished Creatures (others)
  An unseen horror (D:13)
  247 fulminant prisms
  42 fungi (D:11)
  56 plants
346 creatures vanquished.

Grand Total: 722 creatures vanquished

Notes
Turn   | Place    | Note
-------+----------+-------------------------------------------
     0 | D:1      | joshe the Demigod Conjurer began the quest for the Orb.
     0 | D:1      | Reached XP level 1. HP: 14/14 MP: 5/5
   190 | D:1      | Noticed a golden eye
   432 | D:1      | Noticed a great orb of eyes
   456 | D:1      | Noticed a golden eye
   470 | D:1      | Reached XP level 2. HP: 19/20 MP: 3/7
   473 | D:1      | Learned a level 2 spell: Searing Ray
   574 | D:1      | Noticed an eye of devastation
  1635 | D:2      | Reached XP level 3. HP: 26/26 MP: 5/9
  2319 | D:2      | Reached XP level 4. HP: 23/33 MP: 1/11
  2327 | D:2      | Learned a level 4 spell: Iskenderun's Mystic Blast
  2485 | D:2      | Found a runed translucent door.
  2486 | D:2      | Noticed Crazy Yiuf
  3216 | D:3      | Noticed Ijyb
  3217 | D:3      | Paralysed by Ijyb for 4 turns
  3232 | D:3      | Killed Ijyb
  3233 | D:3      | Reached skill level 5 in Conjurations
  3474 | D:3      | Reached XP level 5. HP: 38/38 MP: 6/12
  3667 | D:3      | Noticed Sigmund
  4399 | D:2      | Identified 2 scrolls of acquirement
  4399 | D:2      | Acquired the +12 triple sword "Beastbane" {vorpal, rElec
                  | MP+9 Dex+4}
  4456 | D:2      | Acquired the ring of Hisilit {+Blink rElec MP+9 SInv}
  4616 | D:3      | Killed Sigmund
  4617 | D:3      | Reached XP level 6. HP: 34/45 MP: 13/13
  4706 | D:3      | Learned a level 4 spell: Fulminant Prism
  4780 | D:3      | Noticed Robin
  4910 | D:3      | Killed Robin
  4982 | D:3      | Reached skill level 1 in Hexes
  6373 | D:5      | Entered Level 5 of the Dungeon
  6377 | D:5      | Reached XP level 7. HP: 50/50 MP: 14/14
  6681 | D:5      | Identified the +1 ring mail of Cheibriados's Grace {rPois
                  | MP+9}
  6707 | D:5      | Reached skill level 5 in Hexes
  6707 | D:5      | Found a sand-covered staircase.
  6721 | Ossuary  | Entered an ossuary
  6879 | Ossuary  | Reached XP level 8. HP: 57/57 MP: 15/15
  7635 | D:5      | Reached skill level 1 in Translocations
  8107 | D:6      | Reached skill level 1 in Fighting
  8107 | D:6      | Reached skill level 1 in Evocations
  8644 | D:6      | Found Oresyak's Magic Scroll Shoppe.
  8648 | D:6      | Bought a scroll of identify for 28 gold pieces
  8648 | D:6      | Bought a scroll of identify for 28 gold pieces
  8648 | D:6      | Bought a scroll of fear for 49 gold pieces
  8812 | D:6      | Found Jure's Antique Weapon Emporium.
  9239 | D:6      | Reached XP level 9. HP: 69/69 MP: 13/16
 10009 | D:7      | Found a staircase to the Ecumenical Temple.
 10059 | D:7      | Noticed Pikel
 10068 | D:7      | Killed Pikel
 10086 | D:7      | Reached skill level 5 in Spellcasting
 10376 | D:7      | Noticed a manticore
 10400 | D:7      | Killed a manticore
 10943 | D:7      | Noticed Harold
 10954 | D:7      | Killed Harold
 10955 | D:7      | Reached XP level 10. HP: 78/78 MP: 11/21
 12560 | D:9      | Identified the +4 plate armour of Atheism {-Cast rCorr
                  | SInv}
 13480 | D:10     | Entered Level 10 of the Dungeon
 13489 | D:10     | You fall into a shaft and drop 3 floors!
 13504 | D:13     | Noticed a centaur warrior
 13507 | D:13     | Noticed a centaur warrior
 13518 | D:12     | Reached skill level 10 in Conjurations
 13731 | D:11     | Noticed a two-headed ogre
 13734 | D:11     | Killed a two-headed ogre
 13861 | D:11     | Reached XP level 11. HP: 84/84 MP: 22/22
 14245 | D:11     | Noticed a boulder beetle
 14254 | D:11     | Killed a boulder beetle
 14411 | D:11     | Found a staircase to the Lair.
 14899 | D:11     | Noticed a two-headed ogre
 14908 | D:11     | Killed a two-headed ogre
 14909 | D:11     | Reached skill level 10 in Hexes
 15338 | D:10     | Noticed a tengu warrior
 15348 | D:10     | Killed a tengu warrior
 15788 | D:10     | Noticed a hell knight
 15796 | D:10     | Killed a hell knight
 15797 | D:10     | Reached skill level 1 in Armour
 16417 | D:10     | Noticed a hell knight
 16417 | D:10     | Noticed a hell knight
 16456 | D:10     | Noticed a necromancer
 16462 | D:10     | Killed a necromancer
 16466 | D:10     | Noticed a hell knight
 16469 | D:10     | Killed a hell knight
 16582 | D:10     | Noticed a necromancer
 16587 | D:10     | Killed a necromancer
 16617 | D:10     | Noticed a hell knight
 16644 | D:10     | Killed a hell knight
 16833 | D:10     | Killed a hell knight
 16834 | D:10     | Reached XP level 12. HP: 91/91 MP: 16/28
 17414 | D:12     | Noticed Azrael
 17614 | D:12     | Killed Azrael
 17615 | D:12     | Reached skill level 5 in Fighting
 17615 | D:12     | Reached skill level 5 in Evocations
 17631 | D:12     | Noticed a boulder beetle
 17861 | D:12     | Killed a boulder beetle
 18057 | D:12     | Noticed a boulder beetle
 18063 | D:12     | Killed a boulder beetle
 18162 | D:12     | Found a staircase to the Orcish Mines.
 18349 | D:12     | Identified the +7 ring mail of Protective Custody {Slay+4
                  | SInv}
 18655 | Orc:1    | Entered Level 1 of the Orcish Mines
 18722 | Orc:1    | Reached skill level 10 in Spellcasting
 19145 | Orc:2    | Entered Level 2 of the Orcish Mines
 19412 | Orc:2    | Noticed an orc warlord
 19418 | Orc:2    | Killed an orc warlord
 19746 | Orc:2    | Noticed an ogre mage
 19768 | Orc:2    | Noticed an ogre mage
 19773 | Orc:2    | Paralysed by an ogre mage for 3 turns
 19794 | Orc:2    | Mangled by a two-headed ogre

Illustrated notes

Levels and vault maps discovered:
D:1:      matt_arrival_refuge, layout_basic,
          hellmonk_ecumenical_altar_watching_god
D:2:      layout_basic, minivault_11, uniq_crazy_yiuf_cottage
D:3:      layout_rooms, uniq_ijyb, uniq_sigmund, uniq_robin
D:4:      layout_loops_corners, grunt_ministairs_15, chequers_mini_garden
D:5:      wad_pebble_path, layout_loops_corners, enter_ossuary_1,
          minmay_lizard_king
D:6:      layout_cave_pools, serial_gnoll_camp, gnoll_camp_medium_01,
          gnoll_camp_mini_shop, gnoll_camp_mini_house, gnoll_camp_mini_shop,
          gnoll_camp_mini_hut, minivault_4, serial_bayou_lake_a
D:7:      layout_loops_ring, mainiacjoe_overflow_tiny_flanked, temple_hall,
          minmay_three_doors, uniq_harold, uniq_pikel
D:8:      layout_basic, minmay_small_thing
D:9:      layout_loops_ring
D:10:     layout_roguey, minmay_misc_feat_plants, minmay_rotating_lava
D:11:     layout_irregular_city, due_lair_maze_entry_diamond
D:12:     layout_cave_pools, orc_0_dummy, portal_ice_cave_entry_ice_simulacra,
          uniq_azrael
D:13:     layout_long_grid, lightli_vaults_fourway_checkpoint, serial_shops,
          shop_statue, nzn_hepliaklqana_mist_gate
Orc:1:    layout_diamond_mine, uniq_urug
Orc:2:    st_orc_open, layout_caves, basic_altar, ebering_ghost_disaster_area,
          uniq_jorgrun

Skill      XL: |  1  2  3  4  5  6  7  8  9 10 11 12 |
---------------+-------------------------------------+-----
Spellcasting   | 2 3 5 7 10 | 10.0
Conjurations   | 4 5 6 7 10 | 10.1
Hexes          | 2 5 7 8 10 | 10.0
Dodging        | 2 4 |  4.0
Translocations | 3 4 |  4.0
Fighting       | 3 4 7 |  7.0
Evocations     | 2 4 5 |  5.0
Shields        | 4 |  4.0
Armour         | 4 |  4.0
Stealth        | |  1.7

Action                   |  1- 3 |  4- 6 |  7- 9 | 10-12 || total
-------------------------+-------+-------+-------+-------++-------
Melee: Short sword       |     2 |       |       |       ||     2
       Staff             |       |     4 |    15 |    14 ||    33
       Triple sword      |       |     5 |    24 |       ||    29
 Cast: Magic Dart        |    68 |    93 |    49 |    47 ||   257
       Searing Ray       |    10 |    19 |    35 |    33 ||    97
       Iskenderun's Myst |       |     2 |    17 |    31 ||    50
       Fulminant Prism   |       |     1 |    63 |   185 ||   249
 Abil: Evoke Blink       |       |     1 |       |     1 ||     2
Evoke: Wand              |       |       |       |     7 ||     7
  Use: Scroll            |       |     2 |    10 |     7 ||    19
       Potion            |       |       |       |     8 ||     8
Armor: Robe              |     3 |     8 |    18 |    12 ||    41
       Ring mail         |       |       |       |     6 ||     6
Dodge: Dodged            |    16 |    15 |    45 |    34 ||   110
Block: Other             |       |       |    16 |       ||    16
       Reflection        |       |       |     2 |    12 ||    14
       Buckler           |       |       |     1 |    33 ||    34
